Map: 데이터-C

Players

NightMare - Winner!

  • Race: Protoss Protoss
  • Spawn Location: 9:00

Nice

  • Race: Protoss Protoss
  • Spawn Location: 3:00

Event: DreamHack SC2 Masters 2022 Atlanta (Offline)

VOD

Have the link to the VOD?

Description

Time

  • Played on: Nov. 18, 2022, 4:09 p.m.
  • Length: 6:54

All games in this series

Show
View Real Time Build Order
Export as new Build Order

NightMare Protoss - Winner!

Build Orders: Blink Stalkers 

Get SALT Encoding   

  12  0:01  Probe  
  13  0:13  Probe  
  14  0:20  Pylon  
  14  0:25  Probe  
  15  0:38  Probe (Chrono Boost), Gateway  
  16  0:47  Probe (Chrono Boost)  
  16  0:48  Assimilator  
  17  0:52  Probe  
  18  1:04  Probe  
  19  1:17  Probe  
  20  1:25  Zealot  
  20  1:26  Cybernetics Core  
  20  1:29  Probe, Assimilator  
  20  1:30  Pylon  
  23  1:46  Pylon  
  23  1:48  Probe (Chrono Boost)  
  23  2:00  Probe (Chrono Boost)  
  24  2:02  Warp Gate (Chrono Boost)  
  24  2:03  Stalker  
  27  2:08  Probe (Chrono Boost)  
  27  2:14  Probe  
  28  2:30  Probe  
  28  2:36  Nexus  
  29  2:41  Gateway  
  29  2:42  Probe  
  29  2:45  Sentry  
  29  2:50  Pylon  
  31  2:59  Twilight Council  
  31  3:08  Probe (Chrono Boost)  
  31  3:11  Stalker  
  35  3:20  Probe (Chrono Boost)  
  35  3:22  Gateway  
  35  3:25  Probe (Chrono Boost)  
  36  3:33  Shield Battery  
  36  3:34  Probe  
  37  3:44  Blink (Chrono Boost)  
  37  3:56  Stalker  
  37  3:57  Sentry  
  37  4:00  Shield Battery  
  41  4:04  Shield Battery  
  41  4:09  Shield Battery  
  39  4:16  Stalker  
  41  4:25  Stalker  
  41  4:26  Stalker  
  43  4:40  Stalker  
  42  4:46  Pylon  
  42  4:49  Stalker  
  43  4:54  Cybernetics Core  
  39  5:03  Stalker  
  41  5:13  Adept  
  40  5:14  Probe x2  
  40  5:26  Probe x2  
  39  5:28  Stalker  
  40  5:38  Probe (Chrono Boost)  
  42  5:46  Probe (Chrono Boost)  
  42  5:49  Probe (Chrono Boost)  
  43  5:52  Stalker  
  41  5:59  Stalker  
  41  6:08  Probe x2  
  43  6:17  Stalker  
  45  6:22  Probe x2  
  45  6:31  Stalker  
  47  6:36  Gateway  
  47  6:40  Probe x2  
Show
View Real Time Build Order
Export as new Build Order

Nice Protoss 

Build Orders:  

Get SALT Encoding   

  12  0:00  Probe  
  13  0:12  Probe  
  14  0:19  Pylon  
  14  0:24  Probe  
  15  0:37  Probe (Chrono Boost)  
  15  0:38  Gateway  
  16  0:48  Probe (Chrono Boost), Assimilator  
  17  0:53  Probe (Chrono Boost)  
  18  1:04  Probe  
  19  1:13  Pylon  
  19  1:16  Probe  
  20  1:24  Pylon  
  20  1:27  Cybernetics Core  
  20  1:28  Probe  
  20  1:31  Zealot  
  23  1:36  Assimilator  
  23  1:42  Probe  
  24  1:54  Probe, Pylon  
  25  2:02  Stalker (Chrono Boost)  
  25  2:03  Warp Gate (Chrono Boost)  
  25  2:06  Probe  
  28  2:25  Stalker  
  30  2:33  Gateway  
  30  2:37  Pylon  
  29  2:49  Gateway  
  29  2:51  Gateway  
  29  2:55  Stalker  
  31  3:04  Pylon  
  31  3:22  Pylon  
  31  3:41  Stalker x2  
  35  3:43  Stalker  
  35  3:45  Stalker  
  35  3:47  Probe  
  40  4:06  Stalker x2  
  42  4:11  Pylon  
  42  4:14  Adept x2  
  46  4:29  Stargate  
  46  4:48  Adept x2  
  46  4:57  Stalker x2  
  46  5:14  Oracle (Chrono Boost)  
  47  5:32  Probe  
  44  5:35  Stalker  
  44  5:36  Stalker x2  
  44  5:39  Stalker  
  46  6:07  Stalker x3  
  48  6:17  Stalker  
  50  6:35  Nexus  
  50  6:38  Probe  
Tags
 
Add a new tag
Caveats
  • Supply blocks, unpowered buildings, or Contaminate may cause inaccurate times.
  • Supply counts are checked every 10 seconds.